 Dungeon Crawl Stone Soup version 0.28-a0-1429-gf3d713df7a (webtiles) character file.

Game seed: 16527249421205519721

79 flotson the Ducker (level 4, -3/34 HPs)
             Began as a Demonspawn Gladiator on Jan 9, 2022.
             Slain by Robin (4 damage)
             ... on level 3 of the Dungeon.
             The game lasted 00:02:24 (2612 turns).

flotson the Ducker (Demonspawn Gladiator)           Turns: 2612, Time: 00:02:25

Health: -3/34      AC:  6    Str: 16    XL:     4   Next: 16%
Magic:  4/4        EV: 12    Int:  9    God:
Gold:   199        SH:  0    Dex: 15    Spells: 3/3 levels left

rFire   . . .      SeeInvis .   a - +0 war axe
rCold   . . .      Faith    .   (no shield)
rNeg    . . .      Spirit   .   j - +0 ring mail
rPois   .          Reflect  .   c - +0 helmet
rElec   .          Harm     .   (no cloak)
rCorr   .          Rampage  .   (no gloves)
Will    .....                   (no boots)
Stlth   +.........              (no amulet)
HPRegen 0.11/turn               (no ring)
MPRegen 0.09/turn               (no ring)

@: no status effects
A: powered by pain 1, sturdy frame 1
a: no special abilities


You were on level 3 of the Dungeon.
You visited 1 branch of the dungeon, and saw 3 of its levels.

You collected 213 gold pieces.
You spent 14 gold pieces at shops.

Inventory:

Hand Weapons
 a - a +0 war axe (weapon)
Missiles
 d - 2 throwing nets (quivered)
 g - 7 poisoned darts
Armour
 c - a +0 helmet (worn)
 j - a +0 ring mail (worn)
Scrolls
 b - a scroll of enchant armour {unknown}
 e - a scroll of silence {unknown}
 k - a scroll of identify {unknown}
 l - a scroll of fog {unknown}
 m - a scroll of teleportation {unknown}
Potions
 f - a potion of haste {unknown}
 h - 2 potions of curing {unknown}
 i - a potion of flight {unknown}


   Skills:
 + Level 2.6 Fighting
 + Level 3.1 Axes
 + Level 2.3 Throwing
 + Level 1.3 Armour
 + Level 3.1 Dodging


You had 3 spell levels left.
You didn't know any spells.
Your spell library was empty.

Dungeon Overview and Level Annotations

Branches:
Dungeon (3/15)

Altars:

Shops:
D:1 !

Annotations:
D:3 Robin


Innate Abilities, Weirdness & Mutations

You sometimes gain a little power by taking damage.
Your movements are slightly less encumbered by armour. (ER -2)


Message History

The goblin hits you with a +0 dagger. Robin throws the goblin at you!
The goblin hits you but does no damage.
You hit the goblin.
You kill the goblin!
You barely miss the goblin. x2; The goblin closely misses you.
Robin roars a battlecry!
The goblins go into a battle-frenzy!
The goblin hits you but does no damage. The goblin misses you.
You closely miss the goblin. You slash the goblin!
You kill the goblin!
The goblin completely misses you.
You barely miss the goblin. The goblin hits you but does no damage.
You closely miss the goblin. The goblin hits you but does no damage.
Robin throws the goblin at you! The goblin hits you with a +0 club.
The goblin hits you but does no damage.
You hit the goblin.
The goblin is heavily wounded.
You slash the goblin!
You kill the goblin!
The goblin barely misses you. The goblin hits you with a +0 club.
You slash the goblin!
You kill the goblin!
You hit Robin but do no damage. Robin misses you.
You hit Robin but do no damage. Robin hits you but does no damage. x2
You barely miss Robin. Robin barely misses you.
You barely miss Robin.
Robin's horned helmet rattles.
Robin hits you with a +0 falchion. x2
You barely miss Robin. Robin barely misses you.
You hit Robin but do no damage. Robin hits you with a +0 falchion!
* * * LOW HITPOINT WARNING * * *
You hit Robin but do no damage. Robin closely misses you.
Robin hits you with a +0 falchion.
* * * LOW HITPOINT WARNING * * *
Throw: 3 throwing nets
Press: ? - help, Q - select action, (/) - cycle Shift-Dir - straight line, f - Robin
Aim: Robin, wielding a +0 falchion, wearing a +0 animal skin and wearing a +0 helmet (68% to hit)
You throw a throwing net. The throwing net closely misses Robin.
Robin hits you with a +0 falchion.
You die...

#..>.##......
#............ ####
##...####..## ..#
#...####..## ## #.#
#...#.......
...####.#####...#.#####.
#...>..............####.
#.....)))..###...#......
#@##.###.....####. #
##g#...#.....#####. #.
#..................
#.####..#)..##..#######.
#####....#..##.###..#
.....g......##.# #..#
#####.##.##.##)###..###
#......(...........
####............##.


You could see Robin.

Vanquished Creatures
  2 adders (D:2)
  A worm (D:2)
  A dart slug (D:2)
  6 ball pythons
  6 endoplasms
  2 giant cockroaches
  8 goblins
  6 hobgoblins
  4 quokkas (D:1)
  2 bats (D:1)
  A frilled lizard (D:1)
  8 kobolds
  2 rats (D:2)
49 creatures vanquished.

Vanquished Creatures (others)
  7 plants (D:2)
  5 toadstools (D:1)
12 creatures vanquished.

Grand Total: 61 creatures vanquished

Notes
Turn   | Place    | Note
-------+----------+-------------------------------------------
     0 | D:1      | flotson the Demonspawn Gladiator began the quest for the
                  | Orb.
     0 | D:1      | Reached XP level 1. HP: 16/16 MP: 1/1
   620 | D:1      | Gained mutation: Your movements are slightly less
                  | encumbered by armour. (ER -2) [demonic ancestry]
   620 | D:1      | Reached XP level 2. HP: 16/22 MP: 2/2
   730 | D:1      | Found Ytzekkipi's Distillery.
   885 | D:1      | Bought a potion of degeneration for 14 gold pieces
  1629 | D:2      | Reached XP level 3. HP: 28/28 MP: 3/3
  1832 | D:2      | Reached skill level 1 in Armour
  2369 | D:2      | Gained mutation: You sometimes gain a little power by
                  | taking damage. [demonic ancestry]
  2369 | D:2      | Reached XP level 4. HP: 32/34 MP: 4/4
  2584 | D:3      | Noticed Robin
  2611 | D:3      | HP: 1/34 [Robin (4)]
  2612 | D:3      | Slain by Robin

Illustrated notes

Levels and vault maps discovered:
D:1:      dpeg_arrival_renting, layout_loops_corners, serial_shops, shop_coins,
          minmay_gold_behind_fungi
D:2:      layout_rooms, serial_forest, infiniplex_forest_clump_medium,
          infiniplex_forest_clump_long, infiniplex_forest_lined_corner,
          infiniplex_forest_clump_small, infiniplex_forest_straight_5,
          infiniplex_forest_straight_5, infiniplex_forest_clump_diagonal,
          kennysheep_nondescript
D:3:      layout_loops_ring, ebering_ecumenical_altar_box, kennysheep_potato,
          uniq_robin

Skill      XL: |  1  2  3 |
---------------+----------+-----
Throwing       | 2 |  2.3
Axes           | 3 |  3.1
Dodging        | 3 |  3.1
Armour         | 1 |  1.3
Fighting       | |  2.6

Action                   |  1- 3 |  4- 6 || total
-------------------------+-------+-------++-------
Melee: War axe           |   114 |    26 ||   140
Throw: Throwing net      |       |     1 ||     1
Armor: Leather armour    |    33 |       ||    33
       Ring mail         |    12 |    10 ||    22
Dodge: Dodged            |    88 |    17 ||   105

Table legend: (Time is in decaauts)
 A = Elapsed time spent in this place.
 B = Non-inter-level travel time spent in this place.
 C = Inter-level travel time spent in this place.
 D = Time resting spent in this place.
 E = Time spent auto-exploring this place.
 F = Levels seen in this place.
 G = Mean time per level.
                   A        B        C        D        E       F      G
               +--------+--------+--------+--------+--------+-----+--------+
         Total |   2660 |   2599 |     61 |      0 |   2219 |   3 |  886.7 |
       Dungeon |   2660 |   2599 |     61 |      0 |   2219 |   3 |  886.7 |
               +--------+--------+--------+--------+--------+-----+--------+

Top non-repeatable levels by time:
     D:1: 1642 daAuts
     D:2: 898 daAuts
     D:3: 119 daAuts
